[Event "Titled Tuesday Blitz October 12 2021"]
[White "Hnydiuk, Aleksander"]
[Black "Erdogdu, Mert"]
[WhiteFideId "1109057"]
[BlackFideId "6301495"]
[WhiteElo "2374"]
[BlackElo "2485"]
[Result "1/2-1/2"]
[Round "08"]
[TimeControl "180+1"]
[Date "2021.10.12"]
[WhiteClock "0:00:02"]
[BlackClock "0:00:20"]

1. Nf3 d5 2. d4 e6 3. c4 c5 4. cxd5 exd5 5. Nc3 Nc6 6. g3 Nf6 7. Bg2 Be7 8. O-O O-O 9. dxc5 Bxc5 10. Bg5 d4 11. Bxf6 Qxf6 12. Ne4 Qe7 13. Nxc5 Qxc5 14. Rc1 Qb6 15. Qb3 Re8 16. Rfd1 Rxe2 17. Qxb6 axb6 18. Nxd4 Nxd4 19. Rxd4 Be6 20. Bxb7 Rb8 21. Bc8 g6 22. Bxe6 Rxe6 23. Rc7 Kg7 24. Rf4 Rf8 25. Rb7 g5 26. Rb4 Ra8 27. a3 Ra6 28. Rb5 Kg6 29. g4 h6 30. Kg2 Rf6 31. h3 Rd6 32. Rf5 f6 33. Rb5 h5 34. Rb4 hxg4 35. hxg4 Rc6 36. Rd7 Ra5 37. Re4 f5 38. gxf5+ Kxf5 39. Rb4 Re5 40. Rb7 Ree6 41. Rb5+ Kg6 42. a4 Red6 43. b3 Kf6 44. Rb8 Kg6 45. Rg8+ Kf6 46. Rbxg5 Kf7 47. R5g7+ Kf6 48. Rg6+ Kf7 49. Rxd6 Rxd6 50. Rb8 Ke7 51. Rb7+ Ke6 52. Kf3 Kd5 53. Kg2 Ke4 54. b4 Rg6+ 55. Kf1 Kd3 56. a5 bxa5 57. bxa5 Kc4 58. Rb6 Rg5 59. a6 Ra5 60. Kg2 Kd5 61. Rh6 Ke4 62. Kg3 Ra3+ 63. f3+ Rxf3+ 64. Kg4 Ra3 65. Re6+ Kd5 66. Rf6 Kc5 67. Rf5+ Kb6 68. Rf6+ Ka7 69. Kg5 Ra5+ 70. Kg6 Rb5 71. Re6 Rb6 72. Kf6 Kxa6 73. Rxb6+ Kxb6 1/2-1/2


[Site "https://www.chess.com"]

[Event "Titled Tuesday Blitz October 12 2021"]
[White "Holt, Conrad"]
[Black "Terry, Renato"]
[WhiteFideId "2034387"]
[BlackFideId "3803457"]
[WhiteElo "2586"]
[BlackElo "2577"]
[Result "0-1"]
[Round "08"]
[TimeControl "180+1"]
[Date "2021.10.12"]
[WhiteClock "0:00:01"]
[BlackClock "0:00:16"]

1. d4 Nf6 2. c4 c6 3. Nc3 d5 4. e3 a6 5. Nf3 b5 6. b3 Bg4 7. Bd2 Nbd7 8. h3 Bh5 9. Be2 e6 10. O-O Bd6 11. Rc1 O-O 12. Nh4 Bxe2 13. Nxe2 Ne4 14. Nf3 Rc8 15. Qe1 Qe7 16. c5 Bb8 17. Ba5 e5 18. Nd2 f5 19. Qd1 Rce8 20. Nf3 g5 21. dxe5 Nxe5 22. Nfd4 g4 23. Nf4 Rf6 24. Rc2 Rh6 25. f3 Ng3 26. Re1 Qh4 27. Rf2 gxh3 28. gxh3 Ng6 29. Rg2 Kf8 30. Nde6+ Kf7 31. Bc3 Rxe6 32. Nxe6 Kxe6 33. e4 fxe4 34. fxe4 Nxe4 35. Qf3 Qf4 0-1


[Site "https://www.chess.com"]

[Event "Titled Tuesday Blitz October 12 2021"]
[White "Indjic, Aleksandar"]
[Black "Yilmaz, Mustafa"]
[WhiteFideId "911925"]
[BlackFideId "6302718"]
[WhiteElo "2643"]
[BlackElo "2518"]
[Result "0-1"]
[Round "08"]
[TimeControl "180+1"]
[Date "2021.10.12"]
[WhiteClock "0:00:06"]
[BlackClock "0:00:05"]

1. d4 Nf6 2. Nf3 e6 3. Bg5 c5 4. e3 h6 5. Bh4 b6 6. Nbd2 Bb7 7. c3 Be7 8. Bd3 O-O 9. Qe2 d5 10. Bxf6 Bxf6 11. h4 g6 12. Ne5 Nc6 13. f4 cxd4 14. exd4 Nxe5 15. fxe5 Bxh4+ 16. Kd1 Kg7 17. Qg4 Bg5 18. Nf3 Bc6 19. Ke2 Rh8 20. Rh3 a5 21. Rah1 b5 22. a3 Be7 23. Qf4 h5 24. Qg3 Kf8 25. Rf1 Ke8 26. Nd2 Rf8 27. Qf2 Ra7 28. Rf3 Bh4 29. g3 Bg5 30. Bxg6 Qe7 31. Nb3 b4 32. Nc5 h4 33. Bd3 Ra8 34. gxh4 Bxh4 35. Qh2 bxc3 36. bxc3 Rb8 37. Rb1 Rxb1 38. Bxb1 Qg5 39. Nd3 Bb5 40. Kd1 Qg4 41. Qe2 Qg1+ 42. Kc2 Bg5 43. Kb2 Ke7 44. Rf1 Qg3 45. Ka1 Rc8 46. Rf3 Qg1 47. Rf1 Qe3 48. Qh5 Rf8 49. Qf3 Qd2 50. Qg4 Qxc3+ 51. Nb2 Bc1 52. Qh4+ Kd7 53. Qf2 Qxa3+ 54. Ba2 Bxb2+ 55. Kb1 Bd3+ 56. Qc2 Bxc2+ 57. Kxc2 Qc3+ 58. Kb1 Qxd4 0-1


[Site "https://www.chess.com"]

[Event "Titled Tuesday Blitz October 12 2021"]
[White "Karttunen, Mika"]
[Black "Samsonkin, Artiom"]
[WhiteFideId "502081"]
[BlackFideId "13503111"]
[WhiteElo "2343"]
[BlackElo "2513"]
[Result "0-1"]
[Round "08"]
[TimeControl "180+1"]
[Date "2021.10.12"]
[WhiteClock "0:00:07"]
[BlackClock "0:00:08"]

1. d4 Nf6 2. c4 e6 3. g3 Bb4+ 4. Bd2 Qe7 5. Bg2 Nc6 6. Nf3 Bxd2+ 7. Nbxd2 d6 8. O-O O-O 9. e3 e5 10. h3 Re8 11. Qc2 a5 12. b3 g6 13. a3 Bf5 14. Qc3 Ne4 15. Nxe4 Bxe4 16. d5 Nb8 17. Nd2 Bxg2 18. Kxg2 e4 19. b4 Nd7 20. Rfc1 b6 21. Qd4 h5 22. Nb1 axb4 23. axb4 Rxa1 24. Qxa1 Ne5 25. Nd2 h4 26. Nxe4 f5 27. Nd2 hxg3 28. Kxg3 Qg5+ 29. Kh2 Qh4 30. Rg1 Ng4+ 31. Rxg4 fxg4 32. Qf1 Rf8 33. Ne4 gxh3 34. Ng3 Qf6 35. f4 Qc3 36. Qxh3 Qxe3 37. Qg4 Kg7 38. f5 Qh6+ 39. Kg2 Qd2+ 40. Kg1 Qh6 41. c5 Ra8 42. cxd6 cxd6 43. f6+ Kxf6 44. Qd4+ Kf7 45. Qf2+ Kg8 46. Qxb6 Qd2 47. Nf1 Qg5+ 48. Kf2 Rf8+ 49. Ke2 Qg2+ 50. Kd3 Qxf1+ 51. Kc3 Qf3+ 52. Kc4 Qf4+ 53. Kb5 Qe5 54. Qc6 g5 55. Ka6 g4 56. b5 g3 57. Qd7 Rf7 58. Qg4+ Qg7 59. Qc8+ Kh7 60. Qh3+ Kg8 61. Qg2 Rf8 62. b6 Qc3 63. b7 Qc4+ 64. Kb6 Qb4+ 65. Kc6 Qf4 66. Kc7 Qf2 67. Qh3 Qc5+ 68. Kd7 Rf7+ 69. Ke6 Qe3+ 70. Kxd6 Qf4+ 71. Kc6 Qf6+ 72. d6 Qc3+ 73. Kd5 Qb3+ 74. Kc6 Qxb7+ 75. Kc5 Qa7+ 76. Kc6 Qa6+ 77. Kc5 Qa5+ 78. Kc6 Qa4+ 79. Kc5 Rf5+ 80. Qxf5 Qa5+ 81. Kc6 Qxf5 82. d7 Qxd7+ 83. Kxd7 g2 0-1


[Site "https://www.chess.com"]

[Event "Titled Tuesday Blitz October 12 2021"]
[White "Keymer, Vincent"]
[Black "Bortnyk, Olexandr"]
[WhiteFideId "12940690"]
[BlackFideId "14120828"]
[WhiteElo "2524"]
[BlackElo "2723"]
[Result "0-1"]
[Round "08"]
[TimeControl "180+1"]
[Date "2021.10.12"]
[WhiteClock "0:00:01"]
[BlackClock "0:00:06"]

1. Nf3 Nf6 2. c4 d6 3. Nc3 e5 4. g3 Nbd7 5. Bg2 g6 6. O-O Bg7 7. d3 O-O 8. Rb1 a5 9. a3 Re8 10. b4 axb4 11. axb4 e4 12. dxe4 Nxe4 13. Nxe4 Rxe4 14. Qc2 Qe8 15. e3 Nb6 16. Nd2 Re7 17. Bb2 Ra2 18. Qb3 Qa4 19. Bxg7 Qxb3 20. Nxb3 Kxg7 21. c5 Nc4 22. Rfc1 Bf5 23. Ra1 Rb2 24. Rc3 b5 25. Nd4 dxc5 26. bxc5 Ne5 27. h3 b4 28. Rcc1 Nd3 29. Rcb1 Rxf2 30. Rb3 Rd2 31. Nf3 Rb2 32. Rxb2 Nxb2 33. Nd4 Rxe3 34. Ra7 Rxg3 35. Kh2 Rd3 36. Nxf5+ gxf5 37. Rxc7 Rc3 38. c6 f4 39. Rb7 f3 40. Bf1 b3 41. c7 Nd1 42. Kg3 f2+ 43. Kg2 b2 44. Be2 Rxc7 45. Rb3 Rc1 0-1


[Site "https://www.chess.com"]

[Event "Titled Tuesday Blitz October 12 2021"]
[White "Khusnutdinov, Rustam"]
[Black "Warmerdam, Max"]
[WhiteFideId "13701703"]
[BlackFideId "1048104"]
[WhiteElo "2571"]
[BlackElo "2537"]
[Result "1-0"]
[Round "08"]
[TimeControl "180+1"]
[Date "2021.10.12"]
[WhiteClock "0:00:28"]
[BlackClock "0:00:56"]

1. e4 c5 2. Nf3 d6 3. Bb5+ Nd7 4. Ba4 Nf6 5. O-O e6 6. c4 a6 7. Nc3 Be7 8. d4 cxd4 9. Qxd4 Qc7 10. Rd1 O-O 11. Bxd7 Nxd7 12. Bg5 f6 13. Be3 Ne5 14. Nxe5 dxe5 15. Qb6 Qxb6 16. Bxb6 Kf7 17. Rd3 h5 18. Rad1 g5 19. Na4 Re8 20. c5 f5 21. f3 g4 22. Bc7 gxf3 23. gxf3 Rg8+ 24. Kf1 b5 25. cxb6 Bb7 26. Rc1 fxe4 27. fxe4 Bxe4 28. Rg3 Bh4 29. Bxe5 Bxg3 30. hxg3 Rac8 31. Rc7+ Rxc7 32. bxc7 Bb7 33. Nc5 Bc8 34. b4 Rg5 35. Bf4 Rf5 36. Nd3 Kf6 37. Ke2 e5 38. Be3 Ke6 39. Bb6 Kd5 40. Ke3 Rf6 41. Ba5 Rg6 42. Kf2 Kd4 43. Nc5 e4 44. Nb3+ Kd3 45. Nc1+ Kc2 46. Ne2 Kd2 47. b5+ Kd3 48. Nf4+ Kd4 49. Nxg6 e3+ 50. Ke1 axb5 51. Bb6+ Kd3 52. Nf4+ 1-0


[Site "https://www.chess.com"]

[Event "Titled Tuesday Blitz October 12 2021"]
[White "Koksik_13"]
[Black "Kamsky, Gata"]
[BlackFideId "2000024"]
[WhiteElo "2720"]
[BlackElo "2603"]
[Result "1/2-1/2"]
[Round "08"]
[TimeControl "180+1"]
[Date "2021.10.12"]
[WhiteClock "0:00:18"]
[BlackClock "0:00:25"]

1. e4 c5 2. Nf3 e6 3. c3 d5 4. exd5 exd5 5. d4 c4 6. b3 cxb3 7. axb3 Bd6 8. Be2 Ne7 9. O-O O-O 10. Ne5 Nbc6 11. Bf4 Bxe5 12. Bxe5 Nxe5 13. dxe5 Nc6 14. f4 Bf5 15. Kh1 d4 16. cxd4 Qxd4 17. Qxd4 Nxd4 18. Bd1 a5 19. Nd2 b5 20. Nf3 Rfd8 21. Nxd4 Rxd4 22. Bf3 Ra7 23. Rfd1 Rxd1+ 24. Rxd1 g6 25. Ra1 Be6 26. Bd1 h5 27. Kg1 Rd7 28. Be2 Bxb3 29. Rxa5 Bc4 30. Bxc4 bxc4 31. Rc5 Rd4 32. g3 Rd1+ 33. Kg2 Rd2+ 34. Kh3 Rc2 35. Rc8+ Kg7 36. Rc7 Kf8 37. Kh4 Rxh2+ 38. Kg5 Ra2 39. e6 fxe6 40. Kxg6 Rg2 41. Kf6 Kg8 42. Rc8+ Kh7 43. Kxe6 Rxg3 44. f5 Re3+ 45. Kf6 c3 46. Rc7+ Kh6 47. Rc8 Kh7 48. Kg5 Kg7 49. Rc7+ Kg8 50. Kxh5 Rg3 51. Kh4 Rg1 52. Rxc3 Kf7 53. Rc6 Rg2 54. Kh5 Rg1 55. Ra6 Rg2 56. Rg6 Rxg6 57. fxg6+ Kg7 58. Kg5 Kg8 59. Kf6 Kf8 60. Kg5 Kg7 61. Kh5 Kg8 62. Kh6 Kh8 63. g7+ Kg8 64. Kg6 1/2-1/2


[Site "https://www.chess.com"]

[Event "Titled Tuesday Blitz October 12 2021"]
[White "Kozak, Adam"]
[Black "Amgalantengis, Enkh-Amgalan"]
[WhiteFideId "753246"]
[BlackFideId "4903536"]
[WhiteElo "2448"]
[BlackElo "1716"]
[Result "1-0"]
[Round "08"]
[TimeControl "180+1"]
[Date "2021.10.12"]
[WhiteClock "0:01:06"]
[BlackClock "0:02:00"]

1. e4 e5 2. Nc3 Nc6 3. Bc4 Nf6 4. d3 Bc5 5. Nge2 d6 6. h3 Be6 7. Bb3 h6 8. Be3 Bxe3 9. fxe3 O-O 10. O-O Bxb3 11. axb3 d5 12. Rxf6 Qxf6 13. exd5 Ne7 14. e4 c6 15. dxc6 bxc6 16. Qf1 Qxf1+ 17. Kxf1 f5 18. exf5 Nxf5 19. Kg1 Ne3 20. Rc1 Rf7 21. Ng3 Raf8 22. Nce4 h5 23. h4 g6 24. b4 Nf5 25. Nxf5 gxf5 26. Nd6 Rd7 27. Nc4 e4 28. dxe4 fxe4 29. c3 Rf4 30. Re1 Rxh4 31. Ne5 Rd2 32. Nc4 Rd5 33. Ne3 Rg5 34. Rf1 Rh3 35. Kf2 h4 36. gxh3 1-0


[Site "https://www.chess.com"]

[Event "Titled Tuesday Blitz October 12 2021"]
[White "Krivonosov, Oleg"]
[Black "Tregubov, Pavel V."]
[WhiteFideId "11600349"]
[BlackFideId "4115341"]
[WhiteElo "2469"]
[BlackElo "2423"]
[Result "1/2-1/2"]
[Round "08"]
[TimeControl "180+1"]
[Date "2021.10.12"]
[WhiteClock "0:00:38"]
[BlackClock "0:00:16"]

1. Nf3 c5 2. c4 Nc6 3. d4 cxd4 4. Nxd4 Nf6 5. Nc3 Qb6 6. e3 e6 7. Be2 Be7 8. O-O O-O 9. b3 d5 10. Nxc6 bxc6 11. Bb2 Rd8 12. Qc2 Ba6 13. Na4 Qa5 14. Bc3 Qc7 15. Rfd1 dxc4 16. bxc4 c5 17. Rxd8+ Rxd8 18. Rd1 Bb7 19. Rxd8+ Qxd8 20. Bf3 Bxf3 21. gxf3 h6 22. Nb2 Qa8 23. Kg2 Nh7 24. Qe4 Qc8 25. f4 Nf6 26. Bxf6 Bxf6 27. Nd3 Be7 28. Ne5 Bd6 29. Qc6 Qxc6+ 30. Nxc6 a6 31. Na5 Kf8 32. h3 Ke8 33. Kf3 f5 34. Nb3 Kd7 35. Nc1 Kc6 36. Ke2 g5 37. fxg5 hxg5 38. f3 Be5 39. Nd3 Bf6 40. e4 Kd6 41. Kf2 Bd4+ 42. Kg3 Ke7 43. exf5 exf5 44. f4 Kf6 45. Kf3 Kg6 46. Nc1 Kh5 47. fxg5 Kxg5 48. Nb3 Bg1 49. Kg2 Be3 50. Kf3 Bg1 51. Na5 Kh4 52. Kf4 Kxh3 53. Kxf5 Kg3 54. Ke4 Kf2 55. Nb7 Ke2 56. Kd5 Kd3 57. Nxc5+ Kc3 58. Nxa6 Kb2 59. Kc6 Kxa2 60. Kb5 Kb3 61. Nb4 Kc3 62. Nd5+ Kd4 63. Nb6 Ke5 64. Na4 Kd6 65. Nc3 Kc7 66. Ne2 Bf2 67. Nf4 Bg1 68. Nd3 Be3 69. Ne5 Bg1 70. Nc6 Bf2 71. Nb4 Bg1 72. Nd5+ Kd6 73. Nf4 Bf2 74. Nd3 Bg1 75. Nc1 Bf2 76. Ne2 Be3 77. Ng3 Bg1 78. Ne4+ Kc7 79. Nd2 Be3 80. Nb3 Bg1 81. Na1 Bf2 82. Nc2 Bg1 83. Nb4 Bf2 84. Nd5+ Kd6 85. Nf4 Bg1 86. Ne2 Bf2 87. Nc3 Kc7 88. Ne4 Bg1 89. Nc5 Bf2 90. Ne6+ Kd6 91. Nf4 Bg1 92. Ne2 Bf2 93. Nc3 Kc7 94. Kb4 Be1 95. Kb3 Bxc3 96. Kxc3 Kc6 97. Kd4 Kd6 98. c5+ Kc6 99. Kc4 Kc7 100. Kd5 Kd7 101. c6+ Kc7 102. Kc5 Kc8 103. Kd6 Kd8 104. c7+ Kc8 105. Kc6 1/2-1/2


[Site "https://www.chess.com"]

[Event "Titled Tuesday Blitz October 12 2021"]
[White "Le, Tuan Minh"]
[Black "Deac, Bogdan-Daniel"]
[WhiteFideId "12401153"]
[BlackFideId "1226380"]
[WhiteElo "2450"]
[BlackElo "2605"]
[Result "0-1"]
[Round "08"]
[TimeControl "180+1"]
[Date "2021.10.12"]
[WhiteClock "0:00:07"]
[BlackClock "0:00:08"]

1. d4 d5 2. Nf3 Nf6 3. Bf4 c5 4. c3 Nc6 5. e3 Qb6 6. Qc2 g6 7. Nbd2 Bg7 8. Be2 O-O 9. O-O Bf5 10. dxc5 Qxc5 11. Qb3 Na5 12. Qa4 Bd7 13. Nb3 Nxb3 14. Qxb3 Bc6 15. Rfd1 Rac8 16. Be5 Ne4 17. Bxg7 Kxg7 18. Rd4 f6 19. Nd2 Nd6 20. Nf1 e5 21. Rd2 Ne4 22. Rdd1 f5 23. Bf3 Nf6 24. Rac1 b5 25. Qc2 Bb7 26. b3 Qb6 27. Qb2 Rfe8 28. h3 Rc5 29. Ng3 a5 30. b4 Rc7 31. bxa5 Qxa5 32. Be2 Bc6 33. Bd3 Ra7 34. Qb4 Bd7 35. Qh4 Qb6 36. Rb1 Qc5 37. Qb4 Qxb4 38. Rxb4 Rxa2 39. Bxb5 Bxb5 40. Rxb5 Ra7 41. Ne2 Rc8 42. Rb2 Rcc7 43. f4 exf4 44. exf4 Kf7 45. Rd3 Rc5 46. Nd4 Ne4 47. Rc2 Rac7 48. Nf3 Kf6 49. Kh2 Rxc3 50. Rcxc3 Nxc3 51. Ne5 Ke6 52. Rd4 Ne4 53. Ra4 Rb7 54. Ra6+ Nd6 55. Nf3 Rb4 56. Kg3 d4 57. Ra5 Ne4+ 58. Kh2 d3 59. Re5+ Kd6 60. Re8 Kc5 61. Rd8 Rb3 62. g4 Rb2+ 63. Kg1 d2 64. gxf5 gxf5 65. Kf1 Rb1+ 66. Ke2 d1=Q+ 67. Rxd1 Nc3+ 68. Kd3 Nxd1 69. Nd2 Rb5 70. Nf3 Nb2+ 71. Kc3 Kd5 72. Nh4 Na4+ 73. Kd2 Nc5 74. Nxf5 Rb3 75. Kc2 Rxh3 76. Ng7 Ke4 77. f5 Ke5 78. Kd2 Ne4+ 79. Ke2 Nd6 80. Kf2 Nxf5 81. Ne8 Rc3 82. Ke2 Rc8 83. Kf3 Rxe8 84. Kg4 Kf6 85. Kh5 Kg7 86. Kg5 Ne7 87. Kh5 Ng6 88. Kg5 Re5+ 89. Kg4 h5+ 0-1


[Site "https://www.chess.com"]

[Event "Titled Tuesday Blitz October 12 2021"]
[White "Martinovici, Ilia"]
[Black "Bazarov, Konstantin"]
[WhiteFideId "13907034"]
[BlackFideId "4137000"]
[WhiteElo "2303"]
[BlackElo "2084"]
[Result "1-0"]
[Round "08"]
[TimeControl "180+1"]
[Date "2021.10.12"]
[WhiteClock "0:00:07"]
[BlackClock "0:00:01"]

1. d4 Nf6 2. c4 d6 3. Nc3 c6 4. e4 Nbd7 5. f3 e5 6. Be3 a6 7. Nge2 b5 8. a3 bxc4 9. Ng3 d5 10. exd5 cxd5 11. Be2 Rb8 12. Qd2 Bb7 13. O-O exd4 14. Bxd4 Be7 15. Nf5 O-O 16. Qg5 g6 17. Nxe7+ Qxe7 18. Rae1 Qd6 19. f4 Ne4 20. Qh6 f6 21. Nxe4 dxe4 22. Bxc4+ Bd5 23. Bxd5+ Qxd5 24. Rd1 Qf5 25. Bc3 Rfd8 26. Qh4 Rf8 27. g4 Qc5+ 28. Bd4 Qe7 29. g5 fxg5 30. fxg5 Rxf1+ 31. Rxf1 Rf8 32. Rxf8+ Nxf8 33. Be3 Qe5 34. Qf2 Ne6 35. Qd2 Qf5 36. Qg2 Qd5 37. Qf1 a5 38. b4 axb4 39. axb4 Nxg5 40. b5 Nf3+ 41. Kh1 Qb3 42. Bf2 Qa2 43. b6 Qb3 44. Qe2 Qb1+ 45. Kg2 Qb3 46. Qxe4 Nd2 47. Qe8+ Kg7 48. Bd4+ Kh6 49. Qe3+ Kh5 50. Qxb3 Nxb3 51. b7 Nxd4 52. b8=Q Nf5 53. Qf4 Nh6 54. Qf3+ Kg5 55. Qe3+ Kh5 56. h3 1-0


[Site "https://www.chess.com"]

[Event "Titled Tuesday Blitz October 12 2021"]
[White "Moroni, Luca Jr"]
[Black "Bluebaum, Matthias"]
[WhiteFideId "865834"]
[BlackFideId "24651516"]
[WhiteElo "2491"]
[BlackElo "2681"]
[Result "0-1"]
[Round "08"]
[TimeControl "180+1"]
[Date "2021.10.12"]
[WhiteClock "0:00:05"]
[BlackClock "0:00:11"]

1. d4 Nf6 2. c4 e6 3. Nc3 d5 4. cxd5 exd5 5. Bg5 c6 6. e3 h6 7. Bh4 Be7 8. Bd3 O-O 9. Bg3 Re8 10. h3 Ne4 11. Nxe4 dxe4 12. Bc4 Be6 13. Bxe6 Bb4+ 14. Kf1 Rxe6 15. Qb3 Bd6 16. Bxd6 Rxd6 17. Ne2 Qe7 18. Ng3 Rd5 19. Qc2 f5 20. Ne2 Nd7 21. Nf4 Rd6 22. g3 Nb6 23. b4 g5 24. Ne2 Nd5 25. Rb1 Rf8 26. Nc3 Nxc3 27. Qxc3 f4 28. gxf4 gxf4 29. exf4 Rdf6 30. Rg1+ Kh7 31. Rg4 Rxf4 32. Rxf4 Rxf4 33. Qg3 Qf7 34. Re1 Rf3 35. Qh4 e3 36. Re2 Qe6 37. Kg2 Qd5 38. Kg1 exf2+ 39. Rxf2 Re3 40. Kh2 Qd6+ 41. Qf4 Qxf4+ 42. Rxf4 Re2+ 43. Kg3 Kg6 44. Rf8 Rxa2 45. Rb8 b5 46. Rc8 Rc2 47. d5 Rc3+ 48. Kg2 Kf5 49. dxc6 Ke6 50. Rh8 Kd6 51. Rxh6+ Kc7 52. h4 Rc4 53. h5 a6 54. Kg3 Rxb4 55. Rg6 Rb3+ 56. Kg2 Rb2+ 57. Kg3 Rb1 58. Kh2 Re1 59. h6 Re8 60. Rg7+ Kxc6 61. h7 Rh8 62. Kg3 b4 63. Kf3 b3 64. Ke3 b2 65. Rg1 Rxh7 66. Rb1 Rd7 67. Rxb2 a5 68. Rc2+ Kb5 69. Rb2+ Kc4 70. Rd2 Re7+ 71. Kf2 a4 72. Rb2 a3 73. Rb8 Kc3 74. Rc8+ Kb2 75. Rb8+ Ka1 76. Ra8 a2 77. Rb8 Re5 78. Ra8 Kb2 79. Rb8+ Ka3 80. Ra8+ Kb3 81. Rb8+ Ka4 82. Ra8+ Ra5 83. Rxa5+ Kxa5 0-1


[Site "https://www.chess.com"]

[Event "Titled Tuesday Blitz October 12 2021"]
[White "Moskalenko, Alexander"]
[Black "Perez Ponsa, Federico"]
[WhiteFideId "4155351"]
[BlackFideId "117927"]
[WhiteElo "2515"]
[BlackElo "2672"]
[Result "0-1"]
[Round "08"]
[TimeControl "180+1"]
[Date "2021.10.12"]
[WhiteClock "0:01:29"]
[BlackClock "0:01:01"]

1. d4 Nf6 2. c4 e6 3. Nc3 Bb4 4. Qc2 d5 5. cxd5 exd5 6. Bg5 h6 7. Bxf6 Qxf6 8. a3 Bxc3+ 9. Qxc3 O-O 10. e3 Bf5 11. Nf3 Nd7 12. Be2 c5 13. O-O-O c4 14. Ne5 b5 15. g4 Be6 16. f4 Nb6 17. h4 Na4 18. Qc2 c3 19. b4 a5 20. g5 Qe7 21. gxh6 g6 22. Rdg1 axb4 23. h5 b3 24. Qxb3 Bf5 25. hxg6 fxg6 26. Nxg6 Qxe3+ 0-1


[Site "https://www.chess.com"]

[Event "Titled Tuesday Blitz October 12 2021"]
[White "Nigmatov, Ortik"]
[Black "Demchenko, Anton"]
[WhiteFideId "14202131"]
[BlackFideId "4160258"]
[WhiteElo "2346"]
[BlackElo "2583"]
[Result "0-1"]
[Round "08"]
[TimeControl "180+1"]
[Date "2021.10.12"]
[WhiteClock "0:00:02"]
[BlackClock "0:00:12"]

1. e4 e5 2. Nf3 Nc6 3. Bc4 Nf6 4. d3 h6 5. O-O d6 6. c3 g6 7. d4 Qe7 8. dxe5 Nxe5 9. Nxe5 dxe5 10. Be3 Ng4 11. Bc1 Bg7 12. Qe2 O-O 13. f3 Nf6 14. Be3 Nh5 15. g3 Bh3 16. Rd1 Kh7 17. Nd2 f5 18. Bf2 f4 19. g4 Nf6 20. Nb3 b6 21. Qe1 g5 22. Bf1 Bxf1 23. Qxf1 a5 24. Qc4 a4 25. Nc1 h5 26. h3 Kg6 27. Ne2 hxg4 28. hxg4 a3 29. b4 Rh8 30. Kg2 Rad8 31. Qc6 Qf7 32. c4 Qe7 33. b5 Rxd1 34. Rxd1 Bf8 35. Nc3 Qh7 36. Kf1 Bc5 37. Nd5 Rf8 38. Bxc5 bxc5 39. Qe6 Qh1+ 40. Ke2 Qg2+ 41. Ke1 Rf7 0-1


[Site "https://www.chess.com"]

[Event "Titled Tuesday Blitz October 12 2021"]
[White "Nogerbek, Kazybek"]
[Black "Solon, Nathan"]
[WhiteFideId "13710427"]
[BlackFideId "2017229"]
[WhiteElo "2436"]
[BlackElo "2681"]
[Result "1-0"]
[Round "08"]
[TimeControl "180+1"]
[Date "2021.10.12"]
[WhiteClock "0:00:55"]
[BlackClock "0:00:34"]

1. d4 Nf6 2. c4 e6 3. Nc3 Bb4 4. Qc2 O-O 5. a3 Bxc3+ 6. Qxc3 d5 7. Nf3 dxc4 8. Qxc4 b6 9. Bf4 Ba6 10. Qxc7 Qd5 11. Qd6 Qe4 12. Rc1 Nbd7 13. e3 Bxf1 14. Rxf1 Rac8 15. Ke2 Rc2+ 16. Nd2 Rxb2 17. Qc6 Nd5 18. Bd6 Rd8 19. Qxd7 Rf8 20. Rc8 Qg4+ 21. Ke1 1-0


[Site "https://www.chess.com"]

[Event "Titled Tuesday Blitz October 12 2021"]
[White "Perez Gormaz, Matias"]
[Black "Tanenbaum, Zachary"]
[WhiteFideId "3406342"]
[BlackFideId "2060850"]
[WhiteElo "2352"]
[BlackElo "2165"]
[Result "1-0"]
[Round "08"]
[TimeControl "180+1"]
[Date "2021.10.12"]
[WhiteClock "0:01:45"]
[BlackClock "0:01:44"]

1. e4 e5 2. Nf3 Nc6 3. Bb5 a6 4. Ba4 d6 5. O-O Nf6 6. Re1 Be7 7. c3 O-O 8. h3 b5 9. Bb3 Nb8 10. d4 Nbd7 11. c4 bxc4 12. Bxc4 Bb7 13. Nc3 Re8 14. Bxf7+ Kxf7 15. Qb3+ Kg6 16. Nh4+ Kh5 17. Qd1+ Kxh4 18. Kh2 Nxe4 19. Rxe4+ Bxe4 20. g3# 1-0


[Site "https://www.chess.com"]

[Event "Titled Tuesday Blitz October 12 2021"]
[White "Pichot, Alan"]
[Black "Weetik, Vjacheslav"]
[WhiteFideId "110973"]
[BlackFideId "4153472"]
[WhiteElo "2600"]
[BlackElo "2469"]
[Result "0-1"]
[Round "08"]
[TimeControl "180+1"]
[Date "2021.10.12"]
[WhiteClock "0:00:59"]
[BlackClock "0:00:07"]

1. e4 c6 2. d4 d5 3. e5 Bf5 4. Nf3 e6 5. Be2 Nd7 6. O-O Bg6 7. a4 Nh6 8. a5 Nf5 9. c3 Be7 10. b4 O-O 11. a6 b6 12. Nbd2 f6 13. Nb3 fxe5 14. Nxe5 Nxe5 15. dxe5 c5 16. bxc5 bxc5 17. c4 Rb8 18. Na5 Nd4 19. Be3 Nxe2+ 20. Qxe2 d4 21. Nc6 Qc7 22. Nxe7+ Qxe7 23. Bc1 Rb3 24. Re1 Bd3 25. Qd1 Bxc4 26. Ba3 Bd5 27. Qc1 Qh4 28. f3 Rbxf3 29. gxf3 Rxf3 30. Re2 d3 31. Qe1 Qd4+ 32. Rf2 Rxf2 33. Bxc5 Rg2+ 34. Kh1 Qxc5 0-1


[Site "https://www.chess.com"]

[Event "Titled Tuesday Blitz October 12 2021"]
[White "Pinheiro, Iung Alicio de O."]
[Black "Rustemov, Alexander"]
[WhiteFideId "2104350"]
[BlackFideId "4119002"]
[WhiteElo "2651"]
[BlackElo "2799"]
[Result "0-1"]
[Round "08"]
[TimeControl "180+1"]
[Date "2021.10.12"]
[WhiteClock "0:00:02"]
[BlackClock "0:00:34"]

1. d4 d5 2. c4 dxc4 3. Nf3 e6 4. e3 a6 5. Bxc4 c5 6. Qe2 b5 7. Bb3 Bb7 8. O-O Nf6 9. Rd1 c4 10. Bc2 Be7 11. e4 Nbd7 12. Bf4 Qb6 13. a4 O-O 14. Nbd2 Rfe8 15. Nf1 Rac8 16. axb5 axb5 17. Ng3 Nf8 18. h3 Ng6 19. Be3 Qc7 20. e5 Nd5 21. Nh5 b4 22. Rac1 c3 23. Bd3 Qb6 24. b3 Ra8 25. Nh2 Ba6 26. Bc4 Rec8 27. Ng4 Qc6 28. Bxa6 Qxa6 29. Qf3 Qc6 30. Bh6 Bf8 31. Bg5 Ra3 32. h4 Rxb3 33. Rd3 Rb2 34. Ng3 Nde7 35. Qe3 Nf5 36. Nxf5 exf5 37. Nf6+ gxf6 38. Bxf6 Qe4 39. Qh3 Qg4 40. Qh2 Nf4 41. Rf3 Bh6 42. Bg5 Bxg5 43. hxg5 Ng6 44. Rh3 Qf4 45. Rxh7 Qxc1# 0-1


[Site "https://www.chess.com"]

[Event "Titled Tuesday Blitz October 12 2021"]
[White "Rasulov, Vugar"]
[Black "Molina, Roberto Junio Brito"]
[WhiteFideId "13402390"]
[BlackFideId "2109450"]
[WhiteElo "2560"]
[BlackElo "2402"]
[Result "1-0"]
[Round "08"]
[TimeControl "180+1"]
[Date "2021.10.12"]
[WhiteClock "0:01:54"]
[BlackClock "0:00:04"]

1. d4 d5 2. c4 c6 3. Nf3 Nf6 4. Qc2 dxc4 5. e4 b5 6. b3 cxb3 7. axb3 Bb7 8. Bd2 e6 9. Bd3 a5 10. O-O Be7 11. Nc3 O-O 12. e5 Nd5 13. Nxd5 cxd5 14. Bxh7+ Kh8 15. Bd3 Nc6 16. h4 Bxh4 17. g3 Be7 18. Kg2 f5 19. exf6 Bxf6 20. Bxb5 Nxd4 21. Nxd4 Bxd4 22. Rh1+ Kg8 23. Qh7+ Kf7 24. Ra4 Qf6 25. Qh5+ Kg8 26. Bf4 Bc5 27. Bd3 Rfc8 28. f3 Bf8 29. Bh7+ 1-0


[Site "https://www.chess.com"]

[Event "Titled Tuesday Blitz October 12 2021"]
[White "Rozman, Levy"]
[Black "Langrock, Hannes"]
[WhiteFideId "2039877"]
[BlackFideId "4655290"]
[WhiteElo "2376"]
[BlackElo "2325"]
[Result "1-0"]
[Round "08"]
[TimeControl "180+1"]
[Date "2021.10.12"]
[WhiteClock "0:00:08"]
[BlackClock "0:00:03"]

1. c4 f5 2. g3 Nf6 3. Bg2 g6 4. d4 Bg7 5. Nc3 O-O 6. Bg5 d6 7. e3 Nbd7 8. Nge2 h6 9. Bxf6 Nxf6 10. Nf4 g5 11. Nfd5 c6 12. Nxf6+ Bxf6 13. O-O e5 14. b4 e4 15. f3 exf3 16. Bxf3 Qe7 17. Qd3 Bd7 18. Rae1 Qg7 19. b5 Kh8 20. a4 f4 21. Ne4 fxe3 22. Nxf6 Rxf6 23. Rxe3 Raf8 24. Bg2 a6 25. bxa6 bxa6 26. Rfe1 a5 27. Re7 R6f7 28. Rxf7 Rxf7 29. Qe3 Qf6 30. Rf1 Qe6 31. Qd3 Rxf1+ 32. Bxf1 Kg7 33. Qc3 h5 34. Qd2 Qf6 35. Qe3 h4 36. Be2 hxg3 37. hxg3 Kh6 38. Bf3 c5 39. dxc5 dxc5 40. Bd5 Bxa4 41. Kg2 Bd7 42. Qxc5 a4 43. Qa7 Qf5 44. Qb6+ Kg7 45. Qg1 a3 46. Qd4+ Qf6 47. Qa7 Qb2+ 48. Kg1 Qb1+ 49. Kg2 Qb2+ 50. Kf3 Qf6+ 51. Ke3 Qe7+ 52. Kd2 Kf6 53. Qb6+ Ke5 54. Qe3+ Kf6 55. Qc3+ Kg6 56. Kc1 Qd6 57. Qd3+ Kg7 58. Qd4+ Kg6 59. c5 Qe7 60. Be4+ Bf5 61. Bxf5+ Kxf5 62. Qd3+ Kf6 63. Qxa3 Qe1+ 64. Kc2 Qe2+ 65. Kb3 Qe3+ 66. Kb4 Qd4+ 67. Kb5 Qd7+ 68. c6 Qd5+ 69. Qc5 Qb3+ 70. Ka6 Qa4+ 71. Kb7 Qb3+ 72. Qb6 Qxg3 73. c7+ 1-0


[Site "https://www.chess.com"]